 Dungeon Crawl Stone Soup version 0.23.0-2-g0fe3ce5 (webtiles) character file.

Game seed: 2085041554357053691

13348 xccam the Grappler (level 11, -1/169 HPs)
             Began as a Troll Monk on Feb 19, 2019.
             Slain by a vampire mosquito (7 damage)
             ... on level 11 of the Dungeon.
             The game lasted 00:25:59 (7831 turns).

xccam the Grappler (Troll Monk)                     Turns: 7831, Time: 00:25:59

Health: -1/169     AC:  8    Str: 33    XL:     11   Next: 74%
Magic:  0/10       EV: 14    Int:  6    God:
Gold:   778        SH:  4    Dex: 14    Spells: 10/10 levels left

rFire    . . .     SeeInvis +     - Unarmed
rCold    . . .     Gourm    +   (no shield)
rNeg     . . .     Faith    .   t - +0 troll leather armour {Purgy}
rPois    .         Spirit   +   (helmet restricted)
rElec    .         Reflect  +   K - scarf {Spirit}
rCorr    .         Harm     .   (gloves unavailable)
MR       .....                  (boots unavailable)
Stlth    ..........             s - +4 amulet of reflection
HPRegen  1.18/turn              m - ring of see invisible
MPRegen  0.12/turn              q - +6 ring of strength

@: berserking, about to teleport, very quick
A: large, unfitting armour, claws 3, fast metabolism 3, gourmand, regeneration
1, shaggy fur 1, tough skin 3
a: no special abilities


You were on level 11 of the Dungeon.
You were completely stuffed.

You visited 2 branches of the dungeon, and saw 12 of its levels.
You also visited: Sewer.

You collected 778 gold pieces.

Inventory:

Hand Weapons
 E - the +10 quarterstaff "Opoam" {protect, -Tele MR+ Int+3}
   (You found it on level 6 of the Dungeon)

   It protects the one who uses it against injury (+AC on strike).
   It affects your intelligence (+3).
   It affects your resistance to hostile enchantments.
   It prevents most forms of teleportation.
Missiles
 O - 5 large rocks (quivered)
Armour
 t - a +0 troll leather armour (worn) {Purgy}
 K - a scarf of spirit shield (worn)
Jewellery
 m - a ring of see invisible (left claw)
 q - a +6 ring of strength (right claw)
 s - a +4 amulet of reflection (around neck)
 v - an uncursed ring of flight
 B - an uncursed amulet of the acrobat
Wands
 a - a wand of iceblast (3)
 A - a wand of enslavement (10)
 C - a wand of digging (5)
 D - a wand of disintegration (16)
 F - a wand of flame (30)
 I - a wand of paralysis (9)
 J - a wand of acid (6)
Scrolls
 c - 2 scrolls of fog
 f - 3 scrolls of immolation {unknown}
 g - 2 scrolls of fear {unknown}
 j - 2 scrolls of teleportation
 k - 2 scrolls of enchant armour {unknown}
 l - 2 scrolls of remove curse
 x - a scroll of amnesia {unknown}
 y - a scroll of random uselessness {unknown}
 G - a scroll of magic mapping
 H - 2 scrolls of holy word {unknown}
 L - 3 scrolls of silence {unknown}
 M - a scroll of brand weapon {unknown}
 N - a scroll of blinking {unknown}
 Q - a scroll of identify
Potions
 d - 3 potions of mutation
 e - 6 potions of curing
 h - 3 potions of might
 i - 3 potions of brilliance
 n - a potion of agility
 o - a potion of ambrosia {unknown}
 p - 2 potions of heal wounds
 r - 3 potions of lignification {unknown}
 u - 4 potions of berserk rage
 w - 2 potions of haste {unknown}
 z - a potion of flight {unknown}
Comestibles
 b - 23 rations
 P - 2 chunks of flesh


   Skills:
 + Level 8.6 Fighting
 + Level 2.4 Throwing
 + Level 3.4 Armour
 + Level 8.6 Dodging
 - Level 1.0 Stealth
 + Level 12.3 Unarmed Combat


You had 10 spell levels left.
You didn't know any spells.
Your spell library contained the following spells:

 Spells                   Type           Power        Failure   Level  Hunger
 Beastly Appendage        Tmut           #.....       50%         1    ##.....
 Corona                   Hex            #......      50%         1    ##.....
 Slow                     Hex            #.......     63%         2    ###....
 Sticks to Snakes         Tmut           #.......     63%         2    ###....
 Inner Flame              Hex/Fire       #.......     86%         3    ####...
 Portal Projectile        Hex/Tloc       #.....       86%         3    ####...
 Spider Form              Tmut/Pois      #.........   86%         3    ####...
 Cause Fear               Hex            #.........   99%         4    #####..
 Ice Form                 Ice/Tmut       #.......     99%         4    #####..
 Leda's Liquefaction      Hex/Erth       #.........   99%         4    #####..
 Blade Hands              Tmut           #.........   100%        5    ######.


Dungeon Overview and Level Annotations

Branches:
Dungeon (11/15)            Temple (1/1) D:7             Orc (0/2) D:9
   Lair: D:8-11

Altars:
Ashenzari
Cheibriados
Dithmenos
Elyvilon
Fedhas
Gozag
Hepliaklqana
Kikubaaqudgha
Makhleb
Nemelex Xobeh
Okawaru
Qazlal
Ru
Sif Muna
Trog
Uskayaw
Vehumet
Wu Jian
Xom
Yredelemnul
Zin
The Shining One

Shops:
D:5 =


Innate Abilities, Weirdness & Mutations

You are too large for most types of armour.
You have claws for hands.
Your metabolism is lightning-fast.
You like to eat raw meat.
Your natural rate of healing is unusually fast.
You are covered in fur. (AC +1)
You have extremely tough skin. (AC +3)


Message History

You scratch the manticore. Your claw misses the manticore.
The manticore is almost dead.
You block the vampire mosquito's attack.
The vampire mosquito bites you but does no damage.
The manticore closely misses you. The manticore claws you.
* * * LOW HITPOINT WARNING * * *
The manticore claws you!
* * * LOW HITPOINT WARNING * * *
You block the vampire mosquito's attack.
You mangle the manticore!!
You kill the manticore!
The vampire mosquito barely misses you. The vampire mosquito bites you.
* * * LOW HITPOINT WARNING * * *
The vampire mosquito draws strength from your injuries!
Unknown command.
You are too berserk!
Unknown command.
The vampire mosquito closely misses you.
The vampire mosquito bites you!
You die...

##.........###.......
##...........#....###.
##................ ##
##................ #
##................ ##
#............... ..###.
#................ ......
#.................
......
#..........@.......
......
..........yyy......
......
.........T.o.....#
...... .....!.o..5#...##
#...... .......o.###..#
#..)..> .o...o...#...#
##......
..W...........###.......
........................
........................


You could see a troll, a phantom, 3 vampire mosquitoes, an orc wizard, a shadow
imp and 4 orcs.

Vanquished Creatures
  Erica (D:8)
  4 two-headed ogres
  Pikel (D:6)
  A manticore (D:11)
  2 cyclopes (D:11)
  A centaur zombie (D:10)
  2 trolls
  Prince Ribbit (D:8)
  A hippogriff (D:10)
  Sigmund (D:6)
  2 vampires
  10 yaks
  Eustachio (D:4)
  A wyvern (D:8)
  A hungry ghost (D:10)
  Edmund (D:5)
  Duvessa (D:6)
  Purgy (Sewer)
  2 sky beasts
  6 orc warriors
  2 phantoms
  A slave (D:6)
  5 ogres
  A necrophage (D:11)
  3 centaurs
  A crocodile (D:9)
  Blork the orc (D:5)
  2 big kobolds
  4 bullfrogs
  Dowan (D:6)
  4 scorpions
  4 killer bees (D:10)
  7 wights
  3 howler monkeys
  2 quasits
  3 crimson imps
  A bullfrog zombie (D:9)
  7 hounds
  8 orc priests
  3 jellies
  14 orc wizards
  4 bullfrog skeletons
  2 iguanas
  8 worker ants
  2 hound skeletons (D:9)
  3 gnolls (D:4)
  16 adders
  A howler monkey skeleton (D:5)
  4 shadow imps
  3 oozes
  2 worms
  2 dart slugs
  5 leopard geckos
  49 orcs
  2 ball pythons
  8 giant cockroaches
  6 goblins
  11 hobgoblins
  8 jackals
  22 kobolds
  5 quokkas
  2 bats
  10 frilled lizards
  A quokka skeleton (D:4)
  5 rats
299 creatures vanquished.

Notes
Turn   | Place    | Note
-------+----------+-------------------------------------------
     0 | D:1      | xccam the Troll Monk began the quest for the Orb.
     0 | D:1      | Reached XP level 1. HP: 22/22 MP: 0/0
    62 | D:1      | Reached XP level 2. HP: 28/29 MP: 1/1
   253 | D:1      | Reached skill level 4 in Unarmed Combat
   296 | D:1      | Reached XP level 3. HP: 33/36 MP: 2/2
   723 | D:2      | Found a sparkling altar of Nemelex Xobeh.
  1014 | D:3      | Reached XP level 4. HP: 41/44 MP: 3/3
  1020 | D:3      | Reached skill level 5 in Unarmed Combat
  1257 | D:3      | Reached XP level 5. HP: 46/50 MP: 4/4
  1758 | D:4      | Reached skill level 6 in Unarmed Combat
  1889 | D:4      | Noticed an orc warrior
  1898 | D:4      | Killed an orc warrior
  1898 | D:4      | Reached XP level 6. HP: 50/59 MP: 5/5
  2252 | D:4      | Found a burning altar of Makhleb.
  2254 | D:4      | Noticed an Executioner
  2258 | D:4      | Noticed a smoke demon
  2258 | D:4      | Noticed a hellwing
  2329 | D:4      | Reached XP level 7. HP: 67/67 MP: 6/6
  2342 | D:4      | Noticed Eustachio
  2352 | D:4      | Killed Eustachio
  2598 | D:5      | Entered Level 5 of the Dungeon
  2641 | D:5      | Reached skill level 7 in Unarmed Combat
  2742 | D:5      | Found a glowing drain.
  2760 | Sewer    | Entered a sewer
  2831 | Sewer    | Noticed Purgy
  2838 | Sewer    | Killed Purgy
  2945 | D:5      | Found Reucay's Jewellery Shoppe.
  3061 | D:5      | Reached XP level 8. HP: 72/79 MP: 7/7
  3101 | D:5      | Noticed Edmund
  3119 | D:5      | Killed Edmund
  3313 | D:5      | Noticed Blork the orc
  3329 | D:5      | Killed Blork the orc
  3359 | D:5      | Found a shadowy altar of Dithmenos.
  3461 | D:5      | Reached skill level 5 in Fighting
  3687 | D:6      | Reached skill level 5 in Dodging
  3779 | D:6      | Noticed a troll
  3784 | D:6      | Noticed Sigmund
  3813 | D:5      | Killed a troll
  3848 | D:6      | Killed Sigmund
  4005 | D:6      | Got a warped quarterstaff
  4006 | D:6      | Identified the +10 quarterstaff "Opoam" {protect, -Tele MR+
                  | Int+3} (You found it on level 6 of the Dungeon)
  4073 | D:6      | Noticed Pikel
  4078 | D:6      | Noticed Duvessa
  4082 | D:6      | Killed Duvessa
  4083 | D:6      | Noticed Dowan
  4086 | D:6      | Killed Pikel
  4086 | D:6      | Reached skill level 8 in Unarmed Combat
  4086 | D:6      | Reached XP level 9. HP: 84/91 MP: 8/8
  4093 | D:6      | Killed Dowan
  4634 | D:7      | Found a staircase to the Ecumenical Temple.
  4640 | Temple   | Entered the Ecumenical Temple
  4793 | D:7      | Reached skill level 9 in Unarmed Combat
  5105 | D:8      | Found a sacrificial altar of Ru.
  5154 | D:8      | Found a shimmering altar of Xom.
  5154 | D:8      | Found a bloodstained altar of Trog.
  5172 | D:8      | Found a deep blue altar of Sif Muna.
  5315 | D:8      | Noticed Prince Ribbit
  5319 | D:8      | Killed Prince Ribbit
  5319 | D:8      | Reached skill level 10 in Unarmed Combat
  5652 | D:8      | Noticed Erica
  5667 | D:8      | Killed Erica
  5667 | D:8      | Reached XP level 10. HP: 94/100 MP: 3/9
  6041 | D:9      | Reached skill level 11 in Unarmed Combat
  6148 | D:9      | Found a staircase to the Orcish Mines.
  6696 | D:10     | Entered Level 10 of the Dungeon
  6696 | D:10     | Noticed a two-headed ogre
  6701 | D:10     | Killed a two-headed ogre
  7015 | D:10     | Reached skill level 1 in Armour
  7023 | D:10     | Reached XP level 11. HP: 111/111 MP: 10/10
  7388 | D:11     | Noticed a two-headed ogre
  7427 | D:11     | Killed a two-headed ogre
  7427 | D:11     | Reached skill level 12 in Unarmed Combat
  7520 | D:11     | Noticed a two-headed ogre
  7596 | D:10     | Killed a two-headed ogre
  7596 | D:10     | Reached skill level 1 in Throwing
  7654 | D:11     | Found a shimmering altar of Xom.
  7745 | D:11     | Noticed a two-headed ogre
  7751 | D:11     | Killed a two-headed ogre
  7830 | D:11     | HP: 5/169 [vampire mosquito (5)]
  7831 | D:11     | Slain by a vampire mosquito

Skill      XL: |  1  2  3  4  5  6  7  8  9 10 11 |
---------------+----------------------------------+-----
Unarmed Combat | 4 5 6 7 8 10 11 12 | 12.3
Fighting       | 3 4 6 7 8 |  8.6
Dodging        | 3 4 6 7 8 |  8.6
Armour         | 1 3 |  3.4
Throwing       | 2 |  2.4
Stealth        | |  1.0

Action                   |  1- 3 |  4- 6 |  7- 9 | 10-12 || total
-------------------------+-------+-------+-------+-------++-------
Melee: Unarmed           |    87 |   118 |   276 |   342 ||   823
       Punch             |     1 |     5 |    10 |    27 ||    43
Throw: Large rock        |       |       |       |     9 ||     9
Evoke: Wand              |       |       |     7 |     4 ||    11
  Use: Scroll            |       |     3 |    11 |     2 ||    16
       Potion            |       |       |     1 |     1 ||     2
 Stab: Sleeping          |     6 |     2 |     3 |     1 ||    12
       Invisible         |       |       |     1 |       ||     1
       Paralysed         |       |       |     1 |       ||     1
  Eat: Chunk             |    11 |    12 |    25 |    32 ||    80
Armor: Robe              |    32 |    25 |    38 |       ||    95
       Troll leather arm |       |       |    69 |    73 ||   142
Dodge: Dodged            |    48 |    39 |   152 |   211 ||   450
Block: Other             |       |     8 |    46 |    55 ||   109
       Reflection        |       |     1 |       |     2 ||     3
